 Dungeon Crawl Stone Soup version 0.29.1-2-gbd0b4ee654 (webtiles) character file.

Game seed: 734601498017418391

326 adizb the Slasher (level 6, 0/39 HPs)
             Began as a Tengu Monk on Oct 27, 2022.
             Slain by an orc priest
             ... wielding a +0 mace
              (6 damage)
             ... on level 4 of the Dungeon.
             The game lasted 00:09:34 (1863 turns).

adizb the Slasher (Tengu Monk)                      Turns: 1863, Time: 00:09:35

Health: 0/39       AC:  5    Str: 11    XL:     6   Next: 49%
Magic:  7/7        EV: 13    Int: 11    God:
Gold:   158        SH:  0    Dex: 18    Spells: 5/5 levels left

rFire   . . .      SeeInvis .   a - +1 falchion
rCold   . . .      Faith    .   (no shield)
rNeg    + . .      Spirit   .   d - +0 ring mail
rPois   +          Reflect  .   (helmet restricted)
rElec   .          Harm     .   (no cloak)
rCorr   .          Rampage  .   (no gloves)
Will    .....                   (boots unavailable)
Stlth   ++........              (no amulet)
HPRegen 0.13/turn               g - ring of positive energy
MPRegen 0.10/turn               j - ring of poison resistance

@: flying quickly and evasively, invisible, quick
A: beak, talons 3, nimble flight
a: no special abilities


You were on level 4 of the Dungeon.
You visited 1 branch of the dungeon, and saw 4 of its levels.

You collected 158 gold pieces.

Inventory:

Hand Weapons
 a - a +1 falchion (weapon)
Armour
 d - a +0 ring mail (worn)
Jewellery
 g - a ring of positive energy (left hand)
 j - a ring of poison resistance (right hand)
Wands
 p - a wand of flame (11)
Scrolls
 h - 2 scrolls of amnesia
 i - 7 scrolls of teleportation
 k - a scroll of poison {unknown}
 r - a scroll of identify
Potions
 c - a potion of ambrosia
 e - a potion of lignification {unknown}
 f - a potion of mutation {unknown}
 l - 2 potions of magic
 n - 2 potions of brilliance {unknown}
 o - a potion of flight {unknown}
 q - a potion of degeneration {unknown}


   Skills:
 + Level 4.7 Fighting
 * Level 6.6 Long Blades
 - Level 3.2 Dodging
 - Level 2.0 Stealth


You had 5 spell levels left.
You didn't know any spells.
Your spell library contained the following spells:

 Spells                   Type           Power      Damage    Failure   Level
 Magic Dart               Conj           0%         1d3       65%         1
 Call Imp                 Summ           0%         N/A       78%         2
 Gell's Gravitas          Tloc           0%         N/A       95%         3
 Mephitic Cloud           Conj/Pois/Air  0%         N/A       95%         3
 Teleport Other           Tloc           0%         N/A       95%         3
 Dispersal                Tloc           0%         N/A       100%        6


Dungeon Overview and Level Annotations

Branches:
Dungeon (4/15)
 Temple: D:4-7

Altars:
Gozag

Shops:
D:3 (


Innate Abilities, Weirdness & Mutations

You have a beak for a mouth.
You have claws for feet.
Your magical nature lets you fly swiftly and evasively.


Message History

The orc priest barely misses you. The orc hits you but does no damage.
You hit the orc priest.
You claw the orc priest, but do no damage.
The orc priest is heavily wounded.
The orc priest mumbles some strange prayers to Beogh against you.
Pain shoots through your body! The orc hits you but does no damage.
You hit the orc priest. Your kick misses the orc priest.
The orc priest is severely wounded.
The orc priest hits you with a +0 club. The orc hits you with a +0 short sword.
The orc barely misses you.
The endoplasm quivers.
You hit the orc priest. Your peck misses the orc priest.
Your punch misses the orc priest.
The orc priest is almost dead.
The orc priest hits you with a +0 club. The orc hits you but does no damage.
The orc priest invokes the aid of Beogh against you.
Beogh smites you!
* * * LOW HITPOINT WARNING * * *
The orc barely misses you.
Okay, then.
You fade into invisibility!
The orc priest misses you. The orc closely misses you. x2
You closely miss the orc priest. Your kick misses the orc priest.
You peck the orc priest.
The orc priest is almost dead.
The orc priest barely misses you. The orc barely misses you.
The orc completely misses you.
You closely miss the orc priest. You peck the orc priest.
The orc priest is almost dead.
The orc priest hits you but does no damage.
The orc barely misses you. The orc hits you but does no damage.
You slash the orc priest!
You kill the orc priest!
The orc hits you but does no damage.
You slash the orc!
You kill the orc!
The orc hits you with a +0 dagger.
* * * LOW HITPOINT WARNING * * *
The orc priest hits you with a +0 mace.
You die...

.###### #....#.#
## #.####.# #.. #
#######.######..#
#
#..))...........#
#
#.#.............#
# #..............
#..............
#.o............
#...@o.).......
####J>.......>.
#...!.......
#.......$...
............J
.......########
<......# o......#
.......


You could see an orc priest (unable to see you), an orc (unable to see you) and
an endoplasm.

Vanquished Creatures
  A scorpion (D:4)
  2 orc priests
  2 orc wizards
  6 adders
  A worm (D:3)
  A dart slug (D:1)
  9 orcs
  10 ball pythons
  6 endoplasms
  5 giant cockroaches
  6 goblins
  5 hobgoblins
  6 jackals
  10 kobolds
  3 quokkas
  7 bats
  A frilled lizard (D:3)
  5 rats
86 creatures vanquished.

Notes
Turn   | Place    | Note
-------+----------+-------------------------------------------
     0 | D:1      | adizb the Tengu Monk began the quest for the Orb.
     0 | D:1      | Reached XP level 1. HP: 14/14 MP: 2/2
   116 | D:1      | Reached XP level 2. HP: 18/19 MP: 3/3
   285 | D:1      | Reached skill level 4 in Long Blades
   392 | D:2      | Found an opulent altar of Gozag.
   461 | D:2      | Reached XP level 3. HP: 18/23 MP: 4/4
   709 | D:2      | Reached XP level 4. HP: 9/29 MP: 5/5
   827 | D:3      | Found a faded altar of an unknown god.
   849 | D:3      | Found Lutenum's Weapon Boutique.
  1182 | D:3      | Reached skill level 5 in Long Blades
  1442 | D:3      | Gained mutation: Your magical nature lets you fly swiftly
                  | and evasively. [Tengu growth]
  1442 | D:3      | Reached XP level 5. HP: 20/33 MP: 6/6
  1582 | D:4      | Reached skill level 6 in Long Blades
  1618 | D:4      | Reached XP level 6. HP: 37/39 MP: 7/7
  1863 | D:4      | Slain by an orc priest

Illustrated notes

Levels and vault maps discovered:
D:1:      tarquinn_simple_flora_water_e, layout_rooms
D:2:      layout_basic, basic_altar
D:3:      layout_basic, serial_shops, shop_fountains,
          ebering_ecumenical_altar_webs, grunt_ministairs_14, minmay_puff
D:4:      layout_basic, kennysheep_mini, mainiacjoe_overflow_brackets,
          minmay_quantized

Skill      XL: |  1  2  3  4  5 |
---------------+----------------+-----
Long Blades    | 4 5 6 |  6.6
Fighting       | 4 |  4.7
Dodging        | |  3.2
Stealth        | |  2.0

Action                   |  1- 3 |  4- 6 || total
-------------------------+-------+-------++-------
Melee: Falchion          |    85 |   122 ||   207
       Kick              |    19 |    24 ||    43
       Peck              |     6 |    15 ||    21
       Punch             |     1 |     1 ||     2
  Use: Scroll            |     7 |     2 ||     9
       Potion            |       |     1 ||     1
 Stab: Sleeping          |       |     6 ||     6
Armor: Ring mail         |    34 |    35 ||    69
Dodge: Dodged            |    41 |    61 ||   102
